 Dungeon Crawl Stone Soup version 0.27.1-34-g3ba077fa99 (webtiles) character file.

Game seed: 1365030869881139908

119 Violens the Skirmisher (level 4, -5/41 HPs)
             Began as a Minotaur Fighter on Jan 6, 2022.
             Was a Follower of Qazlal.
             Slain by an iguana (9 damage)
             ... on level 6 of the Dungeon on Jan 7, 2022.
             The game lasted 00:12:48 (2116 turns).

Violens the Skirmisher (Minotaur Fighter)           Turns: 2116, Time: 00:12:48

Health: -5/41      AC:  7    Str: 22    XL:     4   Next: 74%
Magic:  3/3        EV:  7    Int:  5    God:    Qazlal [*.....]
Gold:   162        SH: 12    Dex: 15    Spells: 3/3 levels left

rFire    . . .     SeeInvis .   a - +0 war axe
rCold    . . .     Faith    .   d - +0 kite shield
rNeg     . . .     Spirit   .   e - +0 scale mail
rPois    .         Reflect  .   (helmet restricted)
rElec    .         Harm     .   (no cloak)
rCorr    .         Rampage  .   (no gloves)
Will     .....                  (no boots)
Stlth    ..........             g - amulet of magic regeneration
HPRegen  0.13/turn              f - +6 ring of dexterity
MPRegen  0.33/turn              (no ring)

@: about to teleport
A: horns 2, retaliatory headbutt
a: Renounce Religion


You were on level 6 of the Dungeon.
You worshipped Qazlal.
Qazlal was aware of your devotion.
You visited 1 branch of the dungeon, and saw 4 of its levels.

You collected 162 gold pieces.

Inventory:

Hand Weapons
 a - a +0 war axe (weapon)
 b - a +0 vampiric whip
Missiles
 c - 2 javelins (quivered)
Armour
 d - a +0 kite shield (worn)
 e - a +0 scale mail (worn)
 s - a +1 leather armour of cold resistance
Magical Staves
 t - a staff of poison
Jewellery
 f - a +6 ring of dexterity (left hand)
 g - an amulet of magic regeneration (around neck)
 u - a ring of ice
Wands
 r - a wand of paralysis (12)
Scrolls
 j - a scroll of noise
 q - a scroll of identify
Potions
 h - 2 potions of lignification {unknown}
 i - a potion of might
 k - a potion of flight {unknown}
 l - a potion of brilliance {unknown}
 n - a potion of heal wounds {unknown}
 o - a potion of attraction {unknown}
 p - a potion of degeneration {unknown}


   Skills:
 + Level 4.6 Fighting
 + Level 4.0 Axes
 + Level 4.3 Armour
 + Level 0.3 Dodging
 + Level 0.3 Stealth
 + Level 4.2 Shields


You had 3 spell levels left.
You didn't know any spells.
Your spell library contained the following spells:

 Spells                   Type           Power      Damage    Failure   Level
 Corpse Rot               Necr/Air       N/A        N/A       100%        2
 Poisonous Vapours        Pois/Air       0%         N/A       100%        2
 Animate Armour           Summ/Erth      0%         N/A       100%        4
 Blade Hands              Tmut           0%         N/A       100%        5
 Freezing Cloud           Conj/Ice/Air   0%         6-21      100%        5
 Iron Shot                Conj/Erth      0%         9d1       100%        6


Dungeon Overview and Level Annotations

Branches:
Dungeon (3/15)

Altars:
Qazlal
The Shining One


Innate Abilities, Weirdness & Mutations

You have a pair of horns on your head.
You reflexively headbutt those who attack you in melee.


Message History

Your Axes skill increases to level 4!
r - a wand of paralysis (12)
Things that are here:
a +0 dagger; a +1 leather armour of cold resistance
s - a +1 leather armour of cold resistance
Found a stone staircase leading down.
c - 2 javelins (gained 1)
Found 9 gold pieces.
Found a stone staircase leading up.
You see here a staff of poison.
t - a staff of poison You fall into a shaft and drop 3 floors!
The shaft crumbles and collapses.
An orc priest comes into view. It is wielding a +0 whip.
The orc priest shouts!
Found four items.
Found a stone staircase leading up.
The orc priest casts a cantrip, but nothing happens.
The orc priest looks satisfied for a moment.
An iguana comes into view.
The iguana hisses angrily.
You see here a ring of ice.
u - a ring of ice A centaur comes into view.
The centaur wields a +0 shortbow.
The centaur shoots an arrow.
You block the arrow.
You hear a shout!
The centaur shoots an arrow.
You block the arrow. The iguana bites you!
You hit the iguana but do no damage. You headbutt the iguana!
The iguana is heavily wounded.
The centaur shoots an arrow.
The arrow hits you! You block the iguana's attack.
The centaur shoots an arrow.
The arrow hits you. You block the iguana's attack.
The centaur shoots an arrow.
The arrow hits you!
* * * LOW HITPOINT WARNING * * *
You hear a shout!
As you read the scroll of teleportation, it crumbles to dust.
You feel strangely unstable.
The centaur shoots an arrow.
You block the arrow. The orc priest hits you with a +0 whip.
* * * LOW HITPOINT WARNING * * *
The iguana closely misses you. The iguana bites you!
You die...

.....#....##
...#..............##
....................#
........$...........#
.=..................#
....................#
#................#
#.............@.##
.#....<.......o.l.#
...........#.......#
#..........##..........
#.........####.........
..........# #..###....
#.....o.... ..... ....
#........... ...c.. ...
.:..#............#. #.


You could see a centaur, an iguana and an orc priest.

Vanquished Creatures
  Ijyb (D:3)
  A gnoll (D:1)
  4 adders
  A dart slug (D:2)
  An orc (D:3)
  A ball python (D:1)
  3 bats
  3 endoplasms
  2 giant cockroaches
  4 hobgoblins
  4 jackals (D:2)
  2 kobolds
  4 quokkas
  2 frilled lizards
  8 goblins
  2 rats
43 creatures vanquished.

Notes
Turn   | Place    | Note
-------+----------+-------------------------------------------
     0 | D:1      | Violens the Minotaur Fighter began the quest for the Orb.
     0 | D:1      | Reached XP level 1. HP: 19/19 MP: 0/0
   144 | D:1      | Reached XP level 2. HP: 27/27 MP: 1/1
   375 | D:1      | Noticed a floating eye
   377 | D:1      | Found a faded altar of an unknown god.
   379 | D:1      | Noticed a golden eye
   380 | D:1      | Noticed a shining eye
   380 | D:1      | Noticed an eye of devastation
   487 | D:1      | Became a worshipper of Qazlal Stormbringer
   487 | D:1      | Reached * piety under Qazlal
   849 | D:1      | Reached XP level 3. HP: 33/33 MP: 2/2
  1113 | D:2      | Reached XP level 4. HP: 41/41 MP: 3/3
  1875 | D:3      | Found a glowing golden altar of the Shining One.
  2075 | D:3      | Noticed Ijyb
  2084 | D:3      | Killed Ijyb
  2100 | D:3      | You fall into a shaft and drop 3 floors!
  2111 | D:6      | Noticed a centaur
  2116 | D:6      | Slain by an iguana

Illustrated notes

Levels and vault maps discovered:
D:1:      lightli_molten_gateway, layout_loops_ring,
          hellmonk_ecumenical_altar_watching_god
D:2:      layout_basic, minmay_pentomino_v4
D:3:      layout_basic, tso_metal_star, uniq_ijyb
D:6:      layout_cave_pools, gammafunk_temple_overflow_wave,
          hangedman_abyss_or_decor_stagger

Skill      XL: |  1  2  3  4 |
---------------+-------------+-----
Fighting       | 4 |  4.6
Armour         | 4 |  4.3
Shields        | 4 |  4.2
Axes           | 3 4 |  4.0
Dodging        | |  0.3
Stealth        | |  0.3

Action                   |  1- 3 |  4- 6 || total
-------------------------+-------+-------++-------
Melee: War axe           |    62 |    33 ||    95
       Headbutt          |    11 |     8 ||    19
Throw: Javelin           |       |     1 ||     1
  Use: Scroll            |       |     5 ||     5
Armor: Scale mail        |    37 |    10 ||    47
Dodge: Dodged            |    23 |    10 ||    33
Block: Kite shield       |    42 |    30 ||    72
